 Dungeon Crawl Stone Soup version 0.25.0-3-gd7cc5688da (webtiles) character file.

Game seed: 16663354213712979388

53809 Froggeryz the Cleaver (level 14, -6/132 HPs)
             Began as a Deep Dwarf Fighter on June 15, 2020.
             Was a High Priest of Makhleb.
             Killed by divine providence
             ... invoked by an orc high priest
              (9 damage)
             ... on level 2 of the Orcish Mines.
             The game lasted 00:29:08 (16065 turns).

Froggeryz the Cleaver (Deep Dwarf Fighter)         Turns: 16065, Time: 00:29:08

Health: -6/132     AC: 13    Str: 24    XL:     14   Next: 32%
Magic:  2/2        EV: 15    Int: 10    God:    Makhleb [*****.]
Gold:   1788       SH: 18    Dex: 12    Spells: 13/13 levels left

rFire    + . .     SeeInvis +   b - +5 broad axe
rCold    . . .     Gourm    .   c - +0 kite shield
rNeg     + . .     Faith    .   V - +0 scale mail {rF+}
rPois    .         Spirit   .   (no helmet)
rElec    .         Reflect  +   a - +0 cloak
rCorr    .         Harm     .   u - +1 pair of gloves
MR       ++...                  (no boots)
Stlth    ..........             C - amulet of reflection
HPRegen  0.00/turn              K - +4 ring of protection
MPRegen  0.08/turn              Q - ring of see invisible

@: marked, corroded, non-regenerating
A: damage resistance, heal wounds, negative energy resistance 1, sense
surroundings 2, no regeneration
a: Heal Wounds, Minor Destruction, Lesser Servant of Makhleb, Major Destruction,
Greater Servant of Makhleb, Renounce Religion


You were on level 2 of the Orcish Mines.
You worshipped Makhleb.
Makhleb was extremely pleased with you.
You were not hungry.

You visited 5 branches of the dungeon, and saw 22 of its levels.

You collected 1788 gold pieces.

Inventory:

Hand Weapons
 b - a +5 broad axe (weapon)
 v - a +2 hand axe of freezing
Missiles
 S - 5 curare-tipped darts
 U - 3 throwing nets (quivered)
Armour
 a - a +0 cloak (worn)
 c - a +0 kite shield (worn)
 u - a +1 pair of gloves (worn)
 V - a +0 scale mail of fire resistance (worn)
Jewellery
 s - an uncursed ring of protection from fire
 C - an amulet of reflection (around neck)
 E - a +4 ring of evasion
 K - a +4 ring of protection (left hand)
 Q - a ring of see invisible (right hand)
 Y - the amulet "Ulaub" {Acrobat rElec rF+++ Int+4}
   (You found it on level 6 of the Lair of Beasts)

   [amulet of the acrobat]

   It helps you evade while moving and waiting.
   It affects your intelligence (+4).
   It renders you almost immune to fire.
   It insulates you from electricity.
Wands
 e - a wand of clouds (4)
 n - a wand of acid (4)
 A - a wand of enslavement (3)
 B - a wand of paralysis (4)
 D - a wand of flame (73)
 M - a wand of digging (5)
 N - a wand of polymorph (9)
 W - a wand of disintegration (19)
Scrolls
 g - a scroll of magic mapping
 h - 3 scrolls of noise
 k - 2 scrolls of enchant armour
 p - 5 scrolls of fog
 r - 8 scrolls of remove curse
 y - 3 scrolls of blinking
 I - a scroll of vulnerability
 O - 10 scrolls of teleportation
Potions
 d - 3 potions of might
 i - 2 potions of invisibility
 j - 2 potions of heal wounds
 l - 12 potions of curing
 o - 3 potions of stabbing
 w - a potion of berserk rage
 x - 3 potions of degeneration
 z - 2 potions of lignification
 F - 2 potions of brilliance
 H - 2 potions of resistance
 L - 3 potions of magic
 P - 2 potions of flight
 R - a potion of haste
Comestibles
 f - 33 rations
 m - 8 chunks of flesh


   Skills:
 + Level 10.0 Fighting
 * Level 13.8 Axes
 + Level 11.7 Armour
 + Level 11.1 Dodging
 + Level 11.6 Shields
 + Level 10.4 Invocations


You had 13 spell levels left.
You didn't know any spells.
Your spell library contained the following spells:

 Spells                   Type           Power        Failure   Level  Hunger
 Animate Skeleton         Necr           N/A          75%         1    ##.....
 Apportation              Tloc           #.....       75%         1    ##.....
 Beastly Appendage        Tmut           #.....       75%         1    ##.....
 Corona                   Hex            #......      75%         1    ##.....
 Magic Dart               Conj           #...         75%         1    ##.....
 Pain                     Necr           #...         75%         1    ##.....
 Sandblast                Erth           #.....       75%         1    ##.....
 Summon Butterflies       Summ           #.......     75%         1    ##.....
 Summon Small Mammal      Summ           #...         75%         1    ##.....
 Blink                    Tloc           N/A          87%         2    ###....
 Call Imp                 Summ           #.......     87%         2    ###....
 Ensorcelled Hibernation  Hex/Ice        #.....       87%         2    ###....
 Passwall                 Tmut/Erth      #.......     87%         2    ###....
 Searing Ray              Conj           #.....       87%         2    ###....
 Slow                     Hex            #.......     87%         2    ###....
 Sticks to Snakes         Tmut           #.......     87%         2    ###....
 Call Canine Familiar     Summ           #.......     98%         3    ####...
 Confusing Touch          Hex            #.......     98%         3    ####...
 Conjure Flame            Conj/Fire      #.......     98%         3    ####...
 Dazzling Flash           Conj/Hex       #.....       98%         3    ####...
 Lesser Beckoning         Tloc           #.........   98%         3    ####...
 Mephitic Cloud           Conj/Pois/Air  #.......     98%         3    ####...
 Spider Form              Tmut/Pois      #.........   98%         3    ####...
 Stone Arrow              Conj/Erth      #.....       98%         3    ####...
 Summon Guardian Golem    Hex/Summ       #.......     98%         3    ####...
 Tukima's Dance           Hex            #.......     98%         3    ####...
 Vampiric Draining        Necr           #.........   98%         3    ####...
 Animate Dead             Necr           N/A          100%        4    #####..
 Fulminant Prism          Conj/Hex       #.........   100%        4    #####..
 Ice Form                 Ice/Tmut       #.......     100%        4    #####..
 Iskenderun's Mystic Bla  Conj/Tloc      #.......     100%        4    #####..
 Petrify                  Tmut/Erth      #.......     100%        4    #####..
 Summon Ice Beast         Ice/Summ       #.......     100%        4    #####..
 Summon Lightning Spire   Summ/Air       #.......     100%        4    #####..
 Agony                    Necr           #.......     100%        5    ######.
 Alistair's Intoxication  Tmut/Pois      #.......     100%        5    ######.
 Blade Hands              Tmut           #.........   100%        5    ######.
 Lee's Rapid Deconstruct  Erth           #.........   100%        5    ######.
 Invisibility             Hex            #.......     100%        6    #######


Dungeon Overview and Level Annotations

Branches:
Dungeon (12/15)            Temple (1/1) D:4            Lair (6/6) D:11
 Shoals (1/4) Lair:3       Spider (0/4) Lair:2        Slime (0/5) Lair:6
    Orc (2/2) D:12            Elf (0/3) Orc:2

Altars:
Ashenzari
Cheibriados
Dithmenos
Elyvilon
Fedhas
Gozag
Hepliaklqana
Kikubaaqudgha
Makhleb
Nemelex Xobeh
Okawaru
Qazlal
Ru
Sif Muna
Trog
Uskayaw
Vehumet
Wu Jian
Xom
Yredelemnul
Zin
The Shining One

Shops:
D:4 (

Portals:
Hell: Lair:6

Annotations:
D:9 3 runed translucent doors


Innate Abilities, Weirdness & Mutations

You are resistant to damage.
You can heal yourself by infusing magical energy.
You resist negative energy. (rN+)
You passively map the area around you.
You do not regenerate.


Message History

The orc warrior hits you from afar with a +0 trident!
* * * LOW HITPOINT WARNING * * *
You block the orc high priest's attack.
The orc knight roars a battlecry!
The orc knight goes into a battle-frenzy!
The rust devil barely misses you.
An orc warrior comes into view. It is wielding a +0 war axe.
You block the rust devil's attack. You block the chaos spawn's attack.
Unknown command.
You barely miss the orc high priest.
The orc high priest is severely wounded.
You closely miss the chaos spawn. You completely miss the orc knight.
You barely miss the rust devil.
You hit the rust devil but do no damage.
The orc knight roars a battlecry!
The orc warrior goes into a battle-frenzy!
You block the orc warrior's attack.
The orc high priest calls down the wrath of Beogh upon you.
Beogh smites you!
You die...

##..............))))..........
#................()(.........
#................o)o.o.o......
##..............o#.#.#.#.#.#4#
##...............#............
#................##......o....
#...........ooo..####...o.....
#...........4o4o.# ###.....##
#..........)o@4..# #######
##......[...[..#####
#.......#..).).....#
#......#...........##
#.......#......[....#
##......#..........##
##..............[[### ##
##.................## ##.
###.[..........[...# ####..


You could see 3 orc knights, an orc high priest (strong), 2 rust devils, a chaos
spawn (summoned) and 4 orc warriors.

Vanquished Creatures
  Josephine (Lair:5)
  Erolcha (Orc:2)
  5 hydras
  A rakshasa (D:12)
  3 two-headed ogres
  3 death yaks (Lair:5)
  3 orc high priests (Orc:2)
  A fire crab (Lair:5)
  A sixfirhy (Lair:6)
  A wizard (Lair:6)
  6 orc knights
  An orc sorcerer (Orc:2)
  A manticore (Lair:3)
  A wolf spider (Lair:2)
  An oklob plant (Lair:3)
  A cyclops (D:12)
  10 deep elf magi (Orc:1)
  4 black mambas
  Psyche (D:9)
  A smoke demon (Lair:6)
  An orange demon (Lair:6)
  3 spiny frogs
  3 rime drakes (Lair:6)
  5 komodo dragons
  2 ice devils (Lair:6)
  A redback zombie (D:12)
  2 trolls (Orc:2)
  2 polar bears (Lair:4)
  A red devil (Lair:6)
  2 hornets (D:8)
  Prince Ribbit (D:6)
  14 blink frogs
  5 hippogriffs
  A shadow (D:11)
  30 yaks
  A wyvern (Lair:6)
  5 wraiths (Lair:5)
  3 basilisks
  A warg (Orc:2)
  A soldier ant (D:8)
  8 water moccasins
  4 hell hounds (Lair:6)
  7 porcupines
  21 orc warriors
  4 sky beasts
  2 black bears
  An eye of draining (D:8)
  An ice beast (D:11)
  6 phantoms
  A necrophage (D:5)
  11 ogres
  3 centaurs
  10 wolves (Lair:6)
  10 crocodiles
  A big kobold (D:11)
  12 bullfrogs
  4 scorpions
  10 killer bees
  3 wights (D:6)
  An electric eel (Lair:3)
  2 howler monkeys (D:7)
  4 crimson imps
  2 bullfrog zombies
  3 centaur zombies
  8 hounds
  2 quasits
  23 orc priests
  A gnoll shaman (D:9)
  3 jellies
  A centaur skeleton (D:4)
  4 iguanas
  14 orc wizards
  14 worker ants
  A killer bee zombie (D:5)
  3 gnolls (D:9)
  9 adders
  A river rat (D:6)
  A shadow imp (D:5)
  3 oozes (Lair:6)
  An adder skeleton (D:6)
  An adder zombie (D:6)
  5 worms
  2 dart slugs
  A leopard gecko (D:6)
  89 orcs
  7 giant cockroaches
  9 goblins
  7 hobgoblins
  13 jackals
  7 quokkas
  4 ball pythons
  4 bats
  9 frilled lizards
  12 kobolds
  7 rats
  2 fungi
  A plant (Lair:3)
531 creatures vanquished.

Vanquished Creatures (collateral kills)
  3 hydras
  2 death yaks (Lair:5)
  An oklob plant (Lair:3)
  A spiny frog (Lair:3)
  A rime drake (Lair:5)
  An ice devil (Lair:6)
  A polar bear (Lair:5)
  2 blink frogs (Lair:3)
  A hippogriff (Lair:3)
  A water moccasin (Lair:3)
  A crocodile (Lair:6)
  2 electric eels (Lair:3)
  A plant (Lair:3)
18 creatures vanquished.

Vanquished Creatures (others)
  A rime drake (Lair:5)
  3 orc wizards
  2 orcs (Orc:1)
  2 fungi
  4 plants
12 creatures vanquished.

Grand Total: 561 creatures vanquished

Notes
Turn   | Place    | Note
-------+----------+-------------------------------------------
     0 | D:1      | Froggeryz the Deep Dwarf Fighter began the quest for the
                  | Orb.
     0 | D:1      | Reached XP level 1. HP: 20/20 MP: 1/1
   295 | D:1      | Reached XP level 2. HP: 24/27 MP: 2/2
  1134 | D:2      | Reached skill level 1 in Dodging
  1233 | D:2      | Reached XP level 3. HP: 19/33 MP: 3/3
  1599 | D:2      | Reached XP level 4. HP: 34/42 MP: 4/4
  1894 | D:3      | Reached skill level 3 in Axes
  2168 | D:3      | Reached XP level 5. HP: 16/49 MP: 3/3
  2485 | D:4      | Found a bloodstained altar of Trog.
  2546 | D:4      | Found Jafig's Weapon Shoppe.
  2559 | D:4      | Found a staircase to the Ecumenical Temple.
  2598 | D:4      | Reached XP level 6. HP: 28/56 MP: 4/4
  2790 | Temple   | Entered the Ecumenical Temple
  3087 | D:4      | Found a snail-covered altar of Cheibriados.
  3214 | D:4      | Reached skill level 4 in Axes
  3246 | D:5      | Entered Level 5 of the Dungeon
  3287 | D:5      | Reached XP level 7. HP: 55/64 MP: 5/5
  3303 | D:5      | Reached skill level 5 in Armour
  3517 | D:5      | Reached skill level 5 in Shields
  3983 | D:6      | Reached XP level 8. HP: 64/73 MP: 6/6
  3998 | D:6      | Reached skill level 5 in Axes
  4003 | D:6      | Found a basalt altar of Yredelemnul.
  4232 | D:6      | Reached skill level 5 in Fighting
  4249 | D:6      | You fall into a shaft and drop 3 floors!
  4249 | D:9      | Noticed a two-headed ogre
  4327 | D:9      | Noticed Psyche
  4338 | D:9      | Paralysed by Psyche for 6 turns
  4344 | D:9      | Killed Psyche
  4344 | D:9      | Reached skill level 5 in Dodging
  4364 | D:9      | Killed a two-headed ogre
  4364 | D:9      | Reached skill level 6 in Axes
  4364 | D:9      | Gained mutation: You passively map the area around you.
                  | [Deep Dwarf growth]
  4364 | D:9      | Reached XP level 9. HP: 56/82 MP: 7/7
  4501 | D:9      | Found a runed translucent gate.
  4501 | D:9      | Found a runed translucent gate.
  4501 | D:9      | Found a runed translucent gate.
  4501 | D:9      | Noticed a white ugly thing
  4501 | D:9      | Noticed a white ugly thing
  4501 | D:9      | Noticed a white ugly thing
  4501 | D:9      | Noticed a brown ugly thing
  4583 | D:7      | Found a bloodstained altar of Trog.
  4583 | D:7      | Found a shattered altar of Ashenzari.
  4583 | D:7      | Found a blossoming altar of Fedhas.
  4583 | D:7      | Found an iron altar of Okawaru.
  4845 | D:7      | Reached skill level 7 in Axes
  5122 | D:7      | Found a glowing golden altar of the Shining One.
  5123 | D:7      | Found a radiant altar of Vehumet.
  5124 | D:7      | Found a hide-covered altar of Uskayaw.
  5186 | D:7      | Reached XP level 10. HP: 59/92 MP: 8/8
  5457 | D:6      | Noticed Prince Ribbit
  5494 | D:6      | Killed Prince Ribbit
  5722 | D:6      | Found a sparkling altar of Nemelex Xobeh.
  5764 | D:6      | Found a burning altar of Makhleb.
  5865 | D:6      | Became a worshipper of Makhleb the Destroyer
  6508 | D:8      | Reached skill level 1 in Invocations
  6625 | D:8      | Reached * piety under Makhleb
  6631 | D:8      | Reached skill level 8 in Axes
  6636 | D:8      | Paralysed by a hornet for 1 turns
  6987 | D:9      | Noticed a two-headed ogre
  6993 | D:9      | Killed a two-headed ogre
  7001 | D:9      | Found a sacrificial altar of Ru.
  7005 | D:9      | Found an ancient bone altar of Kikubaaqudgha.
  7008 | D:9      | Found a burning altar of Makhleb.
  7345 | D:10     | Entered Level 10 of the Dungeon
  7444 | D:10     | Reached skill level 9 in Axes
  7463 | D:10     | Reached XP level 11. HP: 82/100 MP: 9/9
  7721 | D:10     | Reached ** piety under Makhleb
  7792 | D:10     | Noticed a two-headed ogre
  7805 | D:10     | Killed a two-headed ogre
  8263 | D:11     | Reached skill level 5 in Invocations
  8598 | D:11     | Found a staircase to the Lair.
  8999 | Lair:1   | Entered Level 1 of the Lair of Beasts
  9011 | Lair:1   | Reached skill level 10 in Axes
  9446 | Lair:1   | Noticed a seven-headed hydra
  9451 | Lair:1   | Killed a seven-headed hydra
 10122 | Lair:2   | Reached *** piety under Makhleb
 10400 | Lair:2   | Found a hole to the Spider Nest.
 10400 | Lair:2   | Noticed a wolf spider
 10408 | Lair:2   | Killed a wolf spider
 10731 | Lair:3   | Reached XP level 12. HP: 78/110 MP: 9/9
 10815 | Lair:3   | Noticed a four-headed hydra
 10823 | Lair:3   | Killed a four-headed hydra
 10924 | Lair:3   | Found a staircase to the Shoals.
 10958 | Lair:3   | Reached skill level 11 in Axes
 11048 | Lair:3   | Noticed an eight-headed hydra
 11070 | Lair:3   | Killed a 13-headed hydra
 11070 | Lair:3   | Reached skill level 10 in Armour
 11101 | Lair:3   | HP: 1/112 [electric eel/bolt of electricity (12)]
 11359 | Lair:3   | Reached skill level 10 in Shields
 11545 | Shoals:1 | Entered Level 1 of the Shoals
 12046 | Lair:4   | Reached **** piety under Makhleb
 12239 | Lair:5   | Noticed an eight-headed hydra
 12249 | Lair:5   | Killed an eight-headed hydra
 12512 | Lair:5   | Noticed a death yak
 12514 | Lair:5   | Noticed a death yak
 12514 | Lair:5   | Noticed a five-headed hydra
 12558 | Lair:5   | Killed a death yak
 12562 | Lair:5   | Killed a five-headed hydra
 12563 | Lair:5   | Reached skill level 12 in Axes
 12565 | Lair:5   | Killed a death yak
 12645 | Lair:5   | Noticed Josephine
 12683 | Lair:5   | Killed Josephine
 12693 | Lair:5   | Reached XP level 13. HP: 61/121 MP: 11/11
 12951 | Lair:5   | Reached skill level 10 in Dodging
 13125 | Lair:6   | Entered Level 6 of the Lair of Beasts
 13456 | Lair:6   | Found a staircase to the Slime Pits.
 13897 | Lair:6   | Found a burning altar of Makhleb.
 13941 | Lair:6   | Reached skill level 13 in Axes
 13987 | Lair:6   | Found a gateway to Hell.
 13995 | Lair:6   | Got a translucent zirconium amulet
 14320 | Lair:6   | Identified the amulet "Ulaub" {Acrobat rElec rF+++ Int+4}
                  | (You found it on level 6 of the Lair of Beasts)
 14420 | Lair:3   | HP: 1/121 [acid (10)]
 14566 | D:12     | Found a staircase to the Orcish Mines.
 14595 | D:12     | Reached ***** piety under Makhleb
 14657 | Orc:1    | Entered Level 1 of the Orcish Mines
 15088 | Orc:2    | Entered Level 2 of the Orcish Mines
 15247 | Orc:1    | Reached skill level 10 in Invocations
 15247 | Orc:1    | Gained mutation: You resist negative energy. (rN+) [Deep
                  | Dwarf growth]
 15247 | Orc:1    | Reached XP level 14. HP: 48/130 MP: 3/3
 15646 | Orc:2    | Noticed Erolcha
 15667 | Orc:2    | Killed Erolcha
 15716 | Orc:2    | Found a staircase to the Elven Halls.
 15962 | Orc:1    | HP: 3/130 [orc knight/+0 war axe (15)]
 15992 | Orc:2    | Reached skill level 10 in Fighting
 16064 | Orc:2    | HP: 3/132 [orc warrior/+0 trident (9)]
 16065 | Orc:2    | Killed from afar by an orc high priest

Illustrated notes

Levels and vault maps discovered:
D:1:      heliophobic_arrival_battle_scene, layout_basic
D:2:      cheibrodos_helix_gallery, layout_loops_ring, serial_bayou_lagoon_a,
          bh_walls_and_bars
D:3:      layout_rooms, first_ration
D:4:      layout_loops_ring, cheibriados_altar_1, minmay_temple_entry_tees,
          serial_shops, shop, bloody_trog
D:5:      layout_loops_ring
D:6:      layout_rooms, old_standard_altar, kennysheep_mini_moat,
          gup_sewer_entry_spiral, basic_altar, uniq_prince_ribbit1
D:7:      layout_basic, nicolae_overflow_hidden_temple,
          chequers_temple_overflow_statue_of_worship, serial_aquarium,
          aquarium_bridge_square [aquarium_subvault_wall,
          aquarium_subvault_bridge, aquarium_subvault_window,
          aquarium_subvault_wall], aquarium_window_fake, aquarium_window_1,
          aquarium_view_2d, aquarium_balcony_1b, minmay_misc_feat_plants,
          chequers_serial_rivers_small_b
D:8:      layout_loops_ring, hangedman_pestilent_swarm
D:9:      layout_gridville, minmay_overflow_temple_star_quad,
          ploomutoo_gammafunk_ghost_potion_laboratory, uniq_psyche
D:10:     layout_stronghold
D:11:     layout_gridville, grunt_lair_entry_orc_guard_hut, dk_noncrumbling_2
D:12:     layout_basic, orc_0_dummy, gammafunk_ghost_grave, serial_shops, shop
Temple:   nicolae_temple_figure_zero
Lair:1:   layout_layer_cave, chequers_serial_rivers_micro_e
Lair:2:   layout_roguey, spider_nest_entry_rubble
Lair:3:   dpeg_oklob_gauntlet, layout_cave_shapes, minmay_shoals_entry_beasts,
          serial_bayou, serial_bayou_pond_a, serial_bayou_pond_c,
          serial_bayou_pond_e, serial_bayou_pond_a
Lair:4:   layout_misc_corridors, minivault_19
Lair:5:   beast_lair_carwin_large_2, layout_small_grid, minivault_23,
          uniq_josephine
Lair:6:   evil_forest, layout_misc_corridors, nicolae_slime_entry_slimehenge,
          nicolae_lair_grove_arrangements, serial_bayou_shore_b
Shoals:1: layout_shoals, portal_ice_cave_entry_ice_statue_one,
          nicolae_shoals_so_close
Orc:1:    layout_diamond_mine, elves_outpost_lemuel
Orc:2:    st_orc_pillars, layout_diamond_mine, uniq_erolcha

Skill      XL: |  1  2  3  4  5  6  7  8  9 10 11 12 13 14 |
---------------+-------------------------------------------+-----
Dodging        | 1 2 3 4 5 6 7 9 10 11 | 11.1
Fighting       | 3 4 5 6 7 8 9 10 | 10.0
Axes           | 3 4 6 7 9 10 12 13 | 13.8
Armour         | 4 5 7 8 9 10 11 | 11.7
Shields        | 4 5 6 7 8 9 10 11 | 11.6
Invocations    | 4 6 8 10 | 10.4

Action                   |  1- 3 |  4- 6 |  7- 9 | 10-12 | 13-15 || total
-------------------------+-------+-------+-------+-------+-------++-------
Melee: War axe           |   148 |   167 |   173 |   798 |   364 ||  1650
       Hand axe          |       |       |   219 |    17 |       ||   236
       Broad axe         |       |       |       |       |   246 ||   246
Throw: Throwing net      |       |     1 |     2 |       |       ||     3
       Javelin           |       |       |     1 |       |       ||     1
Invok: Minor Destruction |       |       |       |    14 |       ||    14
       Lesser Servant of |       |       |       |     5 |     7 ||    12
 Abil: Heal Wounds       |     1 |     6 |     8 |    25 |    30 ||    70
Evoke: Wand              |       |       |     2 |    11 |    15 ||    28
  Use: Scroll            |       |       |    10 |    15 |    12 ||    37
       Potion            |       |       |     2 |     1 |     4 ||     7
 Stab: Held in net/web   |       |       |     1 |       |       ||     1
       Paralysed         |       |       |     7 |       |       ||     7
       Invisible         |       |       |     2 |       |       ||     2
       Distracted        |       |       |       |     1 |     3 ||     4
  Eat: Chunk             |     2 |     6 |     7 |    19 |    12 ||    46
       Ration            |       |       |       |     2 |       ||     2
Armor: Scale mail        |    53 |    69 |   136 |   268 |   165 ||   691
Dodge: Dodged            |    45 |    80 |   152 |   383 |   364 ||  1024
Block: Kite shield       |    76 |   115 |   211 |   699 |   607 ||  1708
       Reflection        |       |       |     6 |     4 |    14 ||    24
